SAA
IRVING BLUE SOX @ PHOENIX HOTSPUR YOUTH
09/06/2037
 
TOP OF THE 1ST
Irving Blue Sox batting - Pitching for Phoenix Hotspur Youth : LHP Dan Bell
Pitching: LHP Dan Bell
Batting: SHB Franck Kooijmans 0-0: Ball
1-0: Ball
2-0: Ball
3-0: Base on Balls
Batting: RHB Juan Perales 0-0: Foul Ball, location: 2F
0-1: Ball
1-1: Fielders Choice at 2nd, 6-4 (Groundball, 6, EV 81.9 MPH)
Batting: RHB Dave Maxwell 0-0: Ball
1-0: DOUBLE (Line Drive, 7LD, EV 106.2 MPH)
Juan Perales to third
Runner from 3rd tries for Home, SAFE, no throw by LF
Batting: LHB Wilson Hernández 0-0: Ball
1-0: Ball
2-0: Ball
3-0: Called Strike
3-1: SINGLE (Flyball, 78S, EV 84.4 MPH)
Dave Maxwell to third
Batting: SHB Govaart Baars 0-0: Ball
1-0: Called Strike
1-1: Ball
2-1: Foul Ball, location: 2F
2-2: Foul Ball, location: 2F
2-2: Strikes out swinging
Wilson Hernández steals 2nd base
Batter strikes out.
Batting: LHB Ánibal Leobardo 0-0: Fly out, F6 (Popup, 6M, EV 61.9 MPH)
Top of the 1st over - 1 run, 2 hits, 0 errors, 2 left on base; Irving 1 - Phoenix Hotspur 0
BOTTOM OF THE 1ST
Phoenix Hotspur Youth batting - Pitching for Irving Blue Sox : RHP Zach Pinyerrel
Pitching: RHP Zach Pinyerrel
Batting: RHB Eugene McClellan 0-0: Ball
1-0: Fly out, F7 (Flyball, 7S, EV 83.8 MPH)
Batting: LHB Carel Oskamp 0-0: Foul Ball, location: 2F
0-1: Ball
1-1: Ball
2-1: Ground out 1-3 (Groundball, 13, EV 79.4 MPH)
Batting: RHB Peer Kattenberg 0-0: Ball
1-0: Called Strike
1-1: DOUBLE (Line Drive, 7LM, EV 105.6 MPH)
Batting: LHB Pancho Coloma 0-0: Ball
1-0: Fly out, F8 (Line Drive, 8RXD, EV 101.9 MPH)
Bottom of the 1st over - 0 runs, 1 hit, 0 errors, 1 left on base; Irving 1 - Phoenix Hotspur 0
TOP OF THE 2ND
Irving Blue Sox batting - Pitching for Phoenix Hotspur Youth : LHP Dan Bell
Batting: RHB Francis Osborne 0-0: Called Strike
0-1: Fly out, F8 (Line Drive, 8RM, EV 93.1 MPH)
Batting: RHB José García 0-0: Fly out, F8 (Flyball, 8LD, EV 88.1 MPH)
Batting: LHB António Escobeda 0-0: Ball
1-0: Ball
2-0: Foul Ball, location: 2F
2-1: Called Strike
2-2: Foul Ball, location: 2F
2-2: Ball
3-2: Ground out 1-3 (Groundball, 34S, EV 86.9 MPH)
Top of the 2nd over - 0 runs, 0 hits, 0 errors, 0 left on base; Irving 1 - Phoenix Hotspur 0
BOTTOM OF THE 2ND
Phoenix Hotspur Youth batting - Pitching for Irving Blue Sox : RHP Zach Pinyerrel
Batting: RHB Nathan Pruitt 0-0: Called Strike
0-1: Swinging Strike
0-2: Ball
1-2: Foul Ball, location: 2F
1-2: Ball
2-2: Strikes out swinging
Batting: LHB Damian Alldred 0-0: Ball
1-0: Ball
2-0: Ball
3-0: Base on Balls
Batting: LHB Keith York 0-0: Ball
1-0: Swinging Strike
1-1: Called Strike
1-2: Foul Ball, location: 2F
1-2: Ball
2-2: Fly out, F8 (Line Drive, 8RD, EV 99.4 MPH)
Batting: RHB Hal Larson 0-0: Fly out, F8 (Flyball, 8LD, EV 80.6 MPH)
Bottom of the 2nd over - 0 runs, 0 hits, 0 errors, 1 left on base; Irving 1 - Phoenix Hotspur 0
TOP OF THE 3RD
Irving Blue Sox batting - Pitching for Phoenix Hotspur Youth : LHP Dan Bell
Batting: SHB Franck Kooijmans 0-0: Called Strike
0-1: Swinging Strike
0-2: Ball
1-2: Ball
2-2: Fly out, F8 (Flyball, 8RXD, EV 88.8 MPH)
Batting: RHB Juan Perales 0-0: Ball
1-0: Called Strike
1-1: Called Strike
1-2: Foul Ball, location: 2F
1-2: Ball
2-2: Ball
3-2: Base on Balls
Batting: RHB Dave Maxwell 0-0: Ball
1-0: Foul Ball, location: 2F
1-1: Called Strike
Juan Perales is caught stealing 2nd base 2-4
1-2: Strikes out swinging
Top of the 3rd over - 0 runs, 0 hits, 0 errors, 0 left on base; Irving 1 - Phoenix Hotspur 0
BOTTOM OF THE 3RD
Phoenix Hotspur Youth batting - Pitching for Irving Blue Sox : RHP Zach Pinyerrel
Batting: RHB Miguel Villarreal 0-0: Foul Ball, location: 2F
0-1: SINGLE (Groundball, 6MD, EV 98.8 MPH)
Batting: RHB Eugene McClellan 0-0: Foul Ball, location: 2F
0-1: Swinging Strike
0-2: Fly out, F9 (Flyball, 9, EV 83.1 MPH)
Batting: LHB Carel Oskamp 0-0: Called Strike
0-1: Fielders Choice at 2nd, 5-4 (Groundball, 5, EV 80.0 MPH)
Batting: RHB Peer Kattenberg 0-0: Ball
1-0: Ball
2-0: Called Strike
2-1: Swinging Strike
2-2: Fly out, F9 (Line Drive, 9, EV 93.8 MPH)
Bottom of the 3rd over - 0 runs, 1 hit, 0 errors, 1 left on base; Irving 1 - Phoenix Hotspur 0
TOP OF THE 4TH
Irving Blue Sox batting - Pitching for Phoenix Hotspur Youth : LHP Dan Bell
Batting: LHB Wilson Hernández 0-0: Swinging Strike
0-1: Swinging Strike
0-2: Ball
1-2: Ground out 6-3 (Groundball, 6, EV 87.5 MPH)
Batting: SHB Govaart Baars 0-0: Ball
1-0: SINGLE (Groundball, 6MD, EV 97.5 MPH)
Batting: LHB Ánibal Leobardo 0-0: Foul Ball, location: 2F
0-1: Called Strike
0-2: Fielders Choice at 2nd, 6-4 (Groundball, 6M, EV 88.8 MPH)
Batting: RHB Francis Osborne 0-0: Swinging Strike
0-1: Foul Ball, location: 2F
0-2: Fly out, F8 (Flyball, 8LM, EV 89.4 MPH)
Top of the 4th over - 0 runs, 1 hit, 0 errors, 1 left on base; Irving 1 - Phoenix Hotspur 0
BOTTOM OF THE 4TH
Phoenix Hotspur Youth batting - Pitching for Irving Blue Sox : RHP Zach Pinyerrel
Batting: LHB Pancho Coloma 0-0: Ball
1-0: Called Strike
1-1: Ball
2-1: Ball
3-1: Base on Balls
Batting: RHB Nathan Pruitt 0-0: Fly out, F7 (Flyball, 78M, EV 91.2 MPH)
Batting: LHB Damian Alldred 0-0: Swinging Strike
0-1: Fielders Choice at 2nd, 4-6 (Groundball, 34, EV 88.8 MPH)
Batting: LHB Keith York 0-0: Called Strike
0-1: Ball
1-1: Ground out U3 (Groundball, 3, EV 86.9 MPH)
Bottom of the 4th over - 0 runs, 0 hits, 0 errors, 1 left on base; Irving 1 - Phoenix Hotspur 0
TOP OF THE 5TH
Irving Blue Sox batting - Pitching for Phoenix Hotspur Youth : LHP Dan Bell
Batting: RHB José García 0-0: Foul Ball, location: 2F
0-1: Swinging Strike
0-2: Ground out U3 (Groundball, 3, EV 100.0 MPH)
Batting: LHB António Escobeda 0-0: Called Strike
0-1: Ball
1-1: Ball
2-1: Fly out, F6 (Popup, 6M, EV 73.1 MPH)
Batting: SHB Franck Kooijmans 0-0: Swinging Strike
0-1: Ball
1-1: Swinging Strike
1-2: Ball
2-2: Ball
3-2: Strikes out swinging
Top of the 5th over - 0 runs, 0 hits, 0 errors, 0 left on base; Irving 1 - Phoenix Hotspur 0
BOTTOM OF THE 5TH
Phoenix Hotspur Youth batting - Pitching for Irving Blue Sox : RHP Zach Pinyerrel
Batting: RHB Hal Larson 0-0: SINGLE (Line Drive, 78M, EV 105.6 MPH)
Batting: RHB Miguel Villarreal 0-0: Ball
1-0: Bunted foul
1-1: Ball
2-1: Sac Bunt - play at second, runner OUT -> throw to first, DP!
Batting: RHB Eugene McClellan 0-0: Fly out, F7 (Flyball, 7S, EV 83.1 MPH)
Bottom of the 5th over - 0 runs, 1 hit, 0 errors, 0 left on base; Irving 1 - Phoenix Hotspur 0
TOP OF THE 6TH
Irving Blue Sox batting - Pitching for Phoenix Hotspur Youth : LHP Dan Bell
Batting: RHB Juan Perales 0-0: Called Strike
0-1: Ball
1-1: Foul Ball, location: 2F
1-2: Ball
2-2: SOLO HOME RUN (Flyball, 7LD, EV 95.0 MPH), Distance : 339 ft
Batting: RHB Dave Maxwell 0-0: Ball
1-0: Swinging Strike
1-1: Ball
2-1: Ball
3-1: Called Strike
3-2: Fly out, F4 (Line Drive, 4, EV 71.9 MPH)
Batting: LHB Wilson Hernández 0-0: Ball
1-0: Ground out 6-3 (Groundball, 6, EV 102.5 MPH)
Batting: SHB Govaart Baars 0-0: Called Strike
0-1: Foul Ball, location: 2F
0-2: Ball
1-2: Foul Ball, location: 2F
1-2: Foul Ball, location: 2F
1-2: Ball
2-2: Foul Ball, location: 2F
2-2: Strikes out swinging
Top of the 6th over - 1 run, 1 hit, 0 errors, 0 left on base; Irving 2 - Phoenix Hotspur 0
BOTTOM OF THE 6TH
Phoenix Hotspur Youth batting - Pitching for Irving Blue Sox : RHP Zach Pinyerrel
Batting: LHB Carel Oskamp 0-0: Ball
1-0: Ground out 3-1 (Groundball, 34, EV 106.9 MPH)
Batting: RHB Peer Kattenberg 0-0: Ball
1-0: Swinging Strike
1-1: Fly out, F2 (Popup, 23F, EV 85.6 MPH)
Batting: RHB Wilbert Hall 0-0: Ball
1-0: Foul Ball, location: 2F
1-1: Foul Ball, location: 2F
1-2: Foul Ball, location: 2F
1-2: Strikes out swinging
Bottom of the 6th over - 0 runs, 0 hits, 0 errors, 0 left on base; Irving 2 - Phoenix Hotspur 0
TOP OF THE 7TH
Irving Blue Sox batting - Pitching for Phoenix Hotspur Youth : LHP Dan Bell
Batting: LHB Ánibal Leobardo 0-0: Called Strike
0-1: Foul Ball, location: 2F
0-2: Ball
1-2: Strikes out looking
Batting: RHB Francis Osborne 0-0: Ball
1-0: Fly out, F8 (Flyball, 8RM, EV 76.2 MPH)
Batting: RHB José García 0-0: Swinging Strike
0-1: Ball
1-1: Called Strike
1-2: SINGLE (Groundball, 4, EV 83.1 MPH) (infield hit)
Batting: LHB António Escobeda 0-0: Called Strike
0-1: Ball
1-1: SINGLE (Groundball, 4D, EV 95.6 MPH)
José García to second
Pitching: RHP José Vásquez
Batting: SHB Franck Kooijmans 0-0: Called Strike
0-1: Called Strike
0-2: Foul Ball, location: 2F
0-2: Foul Ball, location: 2F
0-2: Ball
Passed Ball!
José García to third
António Escobeda to second
1-2: Ground out 1-3 (Groundball, 13, EV 86.9 MPH)
Top of the 7th over - 0 runs, 2 hits, 0 errors, 2 left on base; Irving 2 - Phoenix Hotspur 0
BOTTOM OF THE 7TH
Phoenix Hotspur Youth batting - Pitching for Irving Blue Sox : RHP Zach Pinyerrel
Batting: RHB Nathan Pruitt 0-0: SOLO HOME RUN (Flyball, 7LD, EV 102.5 MPH), Distance : 338 ft
Batting: LHB Damian Alldred 0-0: Called Strike
0-1: Called Strike
0-2: Ball
1-2: Fly out, F8 (Line Drive, 8LM, EV 91.2 MPH)
Batting: LHB Keith York 0-0: Ball
1-0: Ground out 4-3 (Groundball, 4S, EV 83.1 MPH)
Batting: RHB Hal Larson 0-0: Ball
1-0: Ball
2-0: Swinging Strike
2-1: Ball
3-1: Ground out 5-3 (Groundball, 56S, EV 83.8 MPH)
Bottom of the 7th over - 1 run, 1 hit, 0 errors, 0 left on base; Irving 2 - Phoenix Hotspur 1
TOP OF THE 8TH
Irving Blue Sox batting - Pitching for Phoenix Hotspur Youth : RHP José Vásquez
Batting: RHB Juan Perales 0-0: Foul Ball, location: 2F
0-1: Ball
1-1: Ball
2-1: Foul Ball, location: 2F
2-2: Ball
3-2: Fly out, F7 (Flyball, 78D, EV 105.0 MPH)
Batting: RHB Dave Maxwell 0-0: Ball
1-0: Called Strike
1-1: Foul Ball, location: 2F
1-2: Fly out, F9 (Flyball, 9, EV 95.6 MPH)
Batting: LHB Wilson Hernández 0-0: Ball
1-0: Swinging Strike
1-1: Foul Ball, location: 2F
1-2: Strikes out looking
Top of the 8th over - 0 runs, 0 hits, 0 errors, 0 left on base; Irving 2 - Phoenix Hotspur 1
BOTTOM OF THE 8TH
Phoenix Hotspur Youth batting - Pitching for Irving Blue Sox : RHP Zach Pinyerrel
Batting: RHB Miguel Villarreal 0-0: Ball
1-0: DOUBLE (Line Drive, 9LS, EV 114.4 MPH)
Batting: RHB Eugene McClellan 0-0: Fly out, F8 (Flyball, 78M, EV 91.2 MPH)
Runner from 2nd tags up, SAFE at 3rd with throw by CF
Batting: LHB Carel Oskamp 0-0: SINGLE (Groundball, 6D, EV 109.4 MPH)
Miguel Villarreal scores
Batting: RHB Peer Kattenberg 0-0: Fielders Choice at 2nd, 5-4 (Groundball, 5L, EV 79.4 MPH)
Batting: RHB Wilbert Hall 0-0: Called Strike
0-1: Called Strike
0-2: Strikes out swinging
Bottom of the 8th over - 1 run, 2 hits, 0 errors, 1 left on base; Irving 2 - Phoenix Hotspur 2
TOP OF THE 9TH
Irving Blue Sox batting - Pitching for Phoenix Hotspur Youth : RHP José Vásquez
Batting: SHB Govaart Baars 0-0: Ball
1-0: Called Strike
1-1: Ball
2-1: Fly out, F9 (Flyball, 9S, EV 80.0 MPH)
Batting: LHB Ánibal Leobardo 0-0: Ball
1-0: SINGLE (Groundball, 4MD, EV 105.0 MPH)
Pitching: RHP Eduardo Arroyo
Pinch Hitting: LHB Phil Beck 0-0: Ball
1-0: Called Strike
Ánibal Leobardo steals 2nd base (no throw)
1-1: Foul Ball, location: 2F
1-2: Fly out, F8 (Flyball, 78M, EV 95.0 MPH)
Batting: RHB José García 0-0: Ball
1-0: Ball
2-0: Called Strike
2-1: SINGLE (Groundball, 56D, EV 99.4 MPH)
Ánibal Leobardo to third
Runner from 3rd tries for Home, SAFE, throw by LF to home
Batting: LHB António Escobeda 0-0: Foul Ball, location: 2F
0-1: Called Strike
0-2: Ball
1-2: Foul Ball, location: 2F
1-2: Foul Ball, location: 2F
1-2: SINGLE (Groundball, 34, EV 86.2 MPH) (infield hit)
José García to second
Batting: SHB Franck Kooijmans 0-0: Foul Ball, location: 2F
0-1: Fly out, F8 (Flyball, 8RD, EV 97.5 MPH)
Top of the 9th over - 1 run, 3 hits, 0 errors, 2 left on base; Irving 3 - Phoenix Hotspur 2
BOTTOM OF THE 9TH
Phoenix Hotspur Youth batting - Pitching for Irving Blue Sox : RHP Zach Pinyerrel
Pitching: RHP Cheung Lai
Now at C: Nelson Morán
Batting: RHB Nathan Pruitt 0-0: Ball
1-0: Ball
2-0: DOUBLE (Flyball, 7D, EV 92.5 MPH)
Batting: LHB Damian Alldred 0-0: Called Strike
0-1: Ground out U3 (Groundball, 3L, EV 103.8 MPH)
Nathan Pruitt to third
Batting: LHB Keith York 0-0: Foul Ball, location: 2F
0-1: Ground out 1-3 (Groundball, 13, EV 92.5 MPH)
Batting: RHB Hal Larson 0-0: Called Strike
0-1: Ball
1-1: Foul Ball, location: 2F
1-2: Strikes out swinging
Bottom of the 9th over - 0 runs, 1 hit, 0 errors, 1 left on base; Irving 3 - Phoenix Hotspur 2
Thursday, January 23rd, 2020 - OOTP Baseball 20.8 Build 74